AoeStats
← darkmaku

Glade

510460893Analyzed
1v1 RM · 2d ago on Oct 1, 2026· 20m 34s· 2 players
Game mode
Random Map
Map size
Tiny (2 player)
Population
200
Speed
Normal
Resources
Standard
Victory
Conquest
Starting age
Dark Age
Ending age
Imperial Age
RankedLock teamsTeams togetherTeam positionsShared explorationLock speedFull tech treeHidden civsTurbo modeCheats
Victory
Defeat
🇲🇽 Wu · Mexico
1021
+17
🇵🇪 Mongols · Peru
1035
-17
G3RM41N
7:44 Loom
10:08 Feudal Age
10:13 Man-at-Arms
12:20 Double-Bit Axe
15:27 Gold Mining
18:32 Scale Mail Armor
darkmaku
8:14 Feudal Age
12:30 Fletching
13:47 Loom
14:47 Padded Archer Armor
19:52 Horse Collar
Connection lost

Rejoining the realm…

Still unreachable

The connection could not be restored.

Session expired

The server has moved on; the page needs a fresh start.